AoeStats
← Mvk7214

Glade

503158721Analyzed
1v1 RM · 1mo ago on Aug 30, 2026· 51m 26s· 2 players
Game mode
Random Map
Map size
Tiny (2 player)
Population
200
Speed
Normal
Resources
Standard
Victory
Conquest
Starting age
Dark Age
Ending age
Imperial Age
RankedLock teamsTeams togetherTeam positionsShared explorationLock speedFull tech treeHidden civsTurbo modeCheats
Victory
Defeat
🇲🇦 Spanish · Morocco
443
+14
🇺🇾 Persians · Uruguay
400
-14
ONLY FLANS
10:24 Feudal Age
8:42 Loom
14:05 Wheelbarrow
14:15 Horse Collar
23:43 Castle Age
22:04 Stone Mining
22:05 Gold Mining
22:33 Double-Bit Axe
27:01 Hand Cart
31:30 Kamandaran
35:46 Crossbowman
36:33 Thumb Ring
38:17 Bow Saw
41:49 Fletching
42:00 Scale Mail Armor
43:29 Squires
42:49 Pikeman
48:03 Bodkin Arrow
48:24 Chain Mail Armor
48:20 Forging
48:10 Padded Archer Armor
49:50 Ballistics
51:36 Padded Archer Armor
Mvk7214
10:15 Feudal Age
11:48 Double-Bit Axe
17:33 Wheelbarrow
17:53 Horse Collar
21:55 Gold Mining
21:58 Stone Mining
24:39 Castle Age
26:14 Heavy Plow
26:26 Bow Saw
26:49 Hand Cart
34:49 Imperial Age
36:56 Cavalier
37:58 Scale Barding Armor
39:37 Chemistry
41:13 Paladin
51:04 Chain Barding Armor
51:51 Two-Man Saw
Connection lost

Rejoining the realm…

Still unreachable

The connection could not be restored.

Session expired

The server has moved on; the page needs a fresh start.